Erie Otters vs Laval Squanderers
Created - Tuesday, June 6, 2023 at 07:14
Goals
|
| Erie Otters |
1 |
0 |
1 |
0 |
2 |
| Laval Squanderers |
2 |
0 |
0 |
1 |
3 |
|
Shots
|
| Erie Otters |
12 |
3 |
4 |
3 |
22 |
| Laval Squanderers |
7 |
6 |
3 |
1 |
17 |
|
1st period
1. Laval Squanderers , Mackenzie MacEachern 26 (Unassisted) at 0:36
2. Erie Otters , Michael Eyssimont 33 (Andy Andreoff 67, Alec McCrea 4) at 5:57
3. Laval Squanderers , Lukas Reichel 13 (Danila Klimovich 8, Braden Schneider 29) at 18:05
Penalties :
Joey Keane (LSQ) for Tripping (Minor) at 0:42, Justin Barron (LSQ) for Fighting (Major) at 6:20, Alex Petrovic (ERO) for Fighting (Major) at 6:20, Alex Biega (ERO) for Hooking (Minor) at 8:21, Graeme Clarke (LSQ) for Tripping (Minor) at 15:25
2nd period
No Goal
Penalties :
Michael Eyssimont (ERO) for Holding (Minor) at 1:55, Kaedan Korczak (LSQ) for Interference (Minor) at 2:21, Kaedan Korczak (LSQ) for Fighting (Major) at 4:52, Alec McCrea (ERO) for Fighting (Major) at 4:52, Alec McCrea (ERO) for instigated a fight (Minor) at 4:52, Alec McCrea (ERO) for instigated and being the aggresor in a fight (20 Minutes Game Misconduct) at 4:52, Alex Biega (ERO) for Slashing (Minor) at 10:49
3rd period
4. Erie Otters , Michael Eyssimont 34 (Andy Andreoff 68, Paul Cotter 27) at 10:59
Penalties :
Mackenzie MacEachern (LSQ) for Fighting (Major) at 0:22, Alex Petrovic (ERO) for Fighting (Major) at 0:22, Mackenzie MacEachern (LSQ) for instigated a fight (Minor) at 0:22, Mackenzie MacEachern (LSQ) for instigated a fight (10 Minutes Misconduct) at 0:22, Kyle Burroughs (LSQ) for Fighting (Major) at 11:00, Paul Cotter (ERO) for Fighting (Major) at 11:00, Mark Kastelic (LSQ) for Slashing (Minor) at 11:29, Alex Biega (ERO) for Holding (Minor) at 13:37, Paul Cotter (ERO) for Interference (Minor) at 19:55
Overtime #1
5. Laval Squanderers , Oliver Wahlstrom 48 (Alex Green 7) at 2:33
Penalties :
No Penalty
Goalie Stats
Keith Kinkaid (ERO), 14 saves from 17 shots - (0.824), OTL, 15-14-8, 62:33 minutes
Mads Sogaard (LSQ), 20 saves from 22 shots - (0.909), W, 21-17-6, 62:33 minutes
Players Stats for Erie Otters
Player Name G A P +/- PIM S H SB GA TA FO MP PP MP PK MP
------------------------------------------------------------------------------------
Aaron Luchuk 0 0 0 0 0 1 0 0 0 0 3/7 8:44 0:00 0:00
Aaron Ness 0 0 0 -1 0 1 0 0 0 2 0/0 24:23 4:30 5:40
Abbott Girduckis 0 0 0 -1 0 0 2 0 0 0 1/2 8:37 0:00 0:00
Adam Brubacher 0 0 0 1 0 0 2 1 0 0 0/0 18:30 0:00 5:12
Alec McCrea 0 1 1 -1 27 0 1 0 0 0 0/0 9:17 2:13 1:41
Alex Biega 0 0 0 -1 6 2 2 2 1 0 0/0 24:27 4:34 1:54
Alex Gallant 0 0 0 -1 0 0 4 0 1 1 0/0 9:05 0:00 0:00
Alex Newhook 0 0 0 -1 0 0 1 0 0 0 9/18 22:49 4:04 5:13
Alex Petrovic 0 0 0 -1 10 1 1 0 0 1 0/0 21:04 3:13 3:55
Alex-Olivier Voyer 0 0 0 -1 0 2 1 0 1 0 0/0 12:45 0:08 0:40
Andy Andreoff 0 2 2 1 0 4 1 0 0 0 11/17 20:24 4:01 3:57
Kevin Davis 0 0 0 1 0 1 2 0 1 0 0/0 19:26 2:14 2:06
Michael Eyssimont 2 0 2 1 2 2 3 0 0 0 1/1 17:24 4:15 0:25
Mitchell Chaffee 0 0 0 0 0 4 2 1 0 0 0/1 20:03 3:51 3:55
Paul Cotter 0 1 1 1 7 1 3 0 0 0 0/1 14:18 3:16 0:00
Sampo Ranta 0 0 0 0 0 2 1 0 2 1 0/0 13:49 0:56 0:00
Trent Frederic 0 0 0 -1 0 1 4 0 1 0 0/2 21:01 3:59 4:51
Ty Ronning 0 0 0 0 0 0 2 0 0 0 0/1 12:03 0:36 0:00
Players Stats for Laval Squanderers
Player Name G A P +/- PIM S H SB GA TA FO MP PP MP PK MP
------------------------------------------------------------------------------------
Alex Green 0 1 1 1 0 0 2 1 0 0 0/0 23:09 4:13 4:13
Braden Schneider 0 1 1 0 0 0 0 3 0 0 0/0 25:38 4:33 4:37
Brayden Tracey 0 0 0 0 0 0 2 1 0 3 0/0 11:48 0:53 0:00
Danila Klimovich 0 1 1 1 0 0 2 0 0 0 2/3 7:46 0:00 0:00
Graeme Clarke 0 0 0 -1 2 0 1 0 0 0 3/9 11:28 0:08 0:00
Joey Keane 0 0 0 0 2 1 0 0 0 2 0/0 19:35 1:42 3:22
Justin Barron 0 0 0 0 5 2 0 0 0 0 0/0 14:05 0:00 1:22
Kaedan Korczak 0 0 0 1 7 0 1 0 0 1 0/0 18:41 2:52 0:00
Kyle Burroughs 0 0 0 0 5 1 1 0 0 0 0/0 22:31 3:30 3:10
Lias Andersson 0 0 0 -1 0 0 4 0 1 0 8/14 16:18 4:18 0:26
Lukas Reichel 1 0 1 1 0 2 1 0 0 0 0/0 11:55 0:01 1:11
Mackenzie MacEachern 1 0 1 1 17 2 0 0 0 0 2/3 11:53 3:19 0:00
Mark Kastelic 0 0 0 1 2 2 3 0 1 0 4/8 19:34 4:00 2:46
Martin Kaut 0 0 0 0 0 2 1 1 2 0 1/7 21:27 4:18 3:53
Mike Hardman 0 0 0 -1 0 0 4 2 1 0 1/1 14:23 0:22 0:58
Oliver Wahlstrom 1 0 1 1 0 5 3 0 0 0 4/5 20:31 4:00 3:42
Reese Johnson 0 0 0 -1 0 0 1 1 0 0 0/0 14:59 0:00 3:48
Simon Holmstrom 0 0 0 0 0 0 1 0 0 1 0/0 14:27 4:00 0:00
3 Stars
1 - Michael Eyssimont (ERO)
2 - Oliver Wahlstrom (LSQ)
3 - Lukas Reichel (LSQ)
Power Play
Erie Otters - 0 on 5 Attempt(s) - 0.00%
Laval Squanderers - 0 on 6 Attempt(s) - 0.00%
Penalty Kill
Erie Otters - 6 on 6 Attempt(s) - 100.00%
- Score 0 goal in Penalty Kill
Laval Squanderers - 5 on 5 Attempt(s) - 100.00%
- Score 0 goal in Penalty Kill
Team Stat
Erie Otters - Hits : 32 - Faceoff Wins : 25 - Blocked Shots : 4 - Penalty Minutes : 52
Laval Squanderers - Hits : 27 - Faceoff Wins : 25 - Blocked Shots : 9 - Penalty Minutes : 40
Official
Referees : Mark Lemelin and Frederick L'Ecuyer
Linesman : Thor Nelson and Ryan Galloway
Game Notes
0:36 of 1st period - Penalty Shot by Mackenzie MacEachern for Laval Squanderers - Goal!
Justin Barron and Alex Petrovic fight to a draw at 6:20 of 1st period
Kaedan Korczak beats up Alec McCrea at 4:52 of 2nd period
Alec McCrea ejected from game at 4:52 of 2nd period
Mackenzie MacEachern and Alex Petrovic fight to a draw at 0:22 of 3rd period
Aaron Luchuk is injured at 10:51 of 3rd period (Sprained Left Ankle)
Kyle Burroughs beats up Paul Cotter at 11:00 of 3rd period
Erie Otters
5 vs 5 Forward
Center Left Wing Right Wing Time % Phy DF OF
1 Alex Newhook Trent Frederic Mitchell Chaffee 30 1 2 2
2 Andy Andreoff Michael Eyssimont Paul Cotter 30 1 2 2
3 Aaron Luchuk Sampo Ranta Ty Ronning 25 1 2 2
4 Abbott Girduckis Alex Gallant Alex-Olivier Voyer 15 1 2 2
5 vs 5 Defense
Defense Defense Time % Phy DF OF
1 Alex Biega Alex Petrovic 30 1 2 2
2 Aaron Ness Alec McCrea 30 1 2 2
3 Kevin Davis Adam Brubacher 25 1 2 2
4 Alex Biega Alex Petrovic 15 1 2 2
PowerPlay Forward
Center Left Wing Right Wing Time % Phy DF OF
1 Alex Newhook Trent Frederic Mitchell Chaffee 50 1 2 2
2 Andy Andreoff Michael Eyssimont Paul Cotter 50 1 2 2
PowerPlay Defense
Defense Defense Time % Phy DF OF
1 Alex Biega Alex Petrovic 50 1 2 2
2 Aaron Ness Alec McCrea 50 1 2 2
Penalty Kill 4 Players Forward
Center Wing Time % Phy DF OF
1 Alex Newhook Trent Frederic 50 1 2 2
2 Andy Andreoff Mitchell Chaffee 50 1 2 2
Penalty Kill 4 Players Defense
Defense Defense Time % Phy DF OF
1 Alex Biega Alex Petrovic 50 1 2 2
2 Aaron Ness Alec McCrea 50 1 2 2
Penalty Kill - 3 Players Forward
Forward Time % Phy DF OF
1 Alex Newhook 50 1 2 2
2 Trent Frederic 50 1 2 2
Penalty Kill - 3 Players Defense
Defense Defense Time % Phy DF OF
1 Alex Biega Alex Petrovic 50 1 2 2
2 Aaron Ness Alec McCrea 50 1 2 2
4 vs 4 Forward
Center Wing Time % Phy DF OF
1 Alex Newhook Trent Frederic 50 1 2 2
2 Andy Andreoff Mitchell Chaffee 50 1 2 2
4 vs 4 Defense
Defense Defense Time % Phy DF OF
1 Alex Biega Alex Petrovic 50 1 2 2
2 Aaron Ness Alec McCrea 50 1 2 2
Last Minutes Offensive
Center Left Wing Right Wing Defense Defense
Alex Newhook Trent Frederic Mitchell Chaffee Alex Biega Alex Petrovic
Last Minutes Defensive
Center Left Wing Right Wing Defense Defense
Alex Newhook Trent Frederic Mitchell Chaffee Alex Biega Alex Petrovic
Goaltenders
Starting : Keith Kinkaid
Backup : Adam Werner
Extra Forwards
Normal : Sampo Ranta, Ty Ronning, Alex-Olivier Voyer - PP : Sampo Ranta, Ty Ronning - PK : Alex-Olivier Voyer
Extra Defensemen
Normal : Kevin Davis, Adam Brubacher, Aaron Ness - PP : Kevin Davis - PK : Adam Brubacher, Aaron Ness
Penalty Shots
Alex Newhook, Trent Frederic, Andy Andreoff, Mitchell Chaffee, Michael Eyssimont
Laval Squanderers
5 vs 5 Forward
Center Left Wing Right Wing Time % Phy DF OF
1 Mark Kastelic Simon Holmstrom Oliver Wahlstrom 30 1 2 2
2 Lias Andersson Mackenzie MacEachern Martin Kaut 30 1 2 2
3 Graeme Clarke Mike Hardman Reese Johnson 25 1 2 2
4 Danila Klimovich Lukas Reichel Brayden Tracey 15 1 2 2
5 vs 5 Defense
Defense Defense Time % Phy DF OF
1 Kyle Burroughs Braden Schneider 35 1 2 2
2 Justin Barron Alex Green 35 1 2 2
3 Kaedan Korczak Joey Keane 30 1 2 2
4 Kyle Burroughs Braden Schneider 0 1 2 2
PowerPlay Forward
Center Left Wing Right Wing Time % Phy DF OF
1 Mark Kastelic Simon Holmstrom Oliver Wahlstrom 50 1 2 2
2 Lias Andersson Mackenzie MacEachern Martin Kaut 50 1 2 2
PowerPlay Defense
Defense Defense Time % Phy DF OF
1 Kyle Burroughs Braden Schneider 50 1 2 2
2 Kaedan Korczak Alex Green 50 1 2 2
Penalty Kill 4 Players Forward
Center Wing Time % Phy DF OF
1 Oliver Wahlstrom Mark Kastelic 50 1 2 2
2 Martin Kaut Reese Johnson 50 1 2 2
Penalty Kill 4 Players Defense
Defense Defense Time % Phy DF OF
1 Kyle Burroughs Braden Schneider 50 1 2 2
2 Joey Keane Alex Green 50 1 2 2
Penalty Kill - 3 Players Forward
Forward Time % Phy DF OF
1 Oliver Wahlstrom 50 1 2 2
2 Mark Kastelic 50 1 2 2
Penalty Kill - 3 Players Defense
Defense Defense Time % Phy DF OF
1 Kyle Burroughs Braden Schneider 50 1 2 2
2 Joey Keane Alex Green 50 1 2 2
4 vs 4 Forward
Center Wing Time % Phy DF OF
1 Oliver Wahlstrom Mark Kastelic 50 1 2 2
2 Martin Kaut Reese Johnson 50 1 2 2
4 vs 4 Defense
Defense Defense Time % Phy DF OF
1 Kyle Burroughs Braden Schneider 50 1 2 2
2 Kaedan Korczak Alex Green 50 1 2 2
Last Minutes Offensive
Center Left Wing Right Wing Defense Defense
Mark Kastelic Simon Holmstrom Oliver Wahlstrom Kyle Burroughs Braden Schneider
Last Minutes Defensive
Center Left Wing Right Wing Defense Defense
Mark Kastelic Simon Holmstrom Oliver Wahlstrom Kyle Burroughs Braden Schneider
Goaltenders
Starting : Mads Sogaard
Backup : Dylan Garand
Extra Forwards
Normal : Brayden Tracey, Mike Hardman, Lukas Reichel - PP : Brayden Tracey, Mike Hardman - PK : Lukas Reichel
Extra Defensemen
Normal : Kaedan Korczak, Joey Keane, Braden Schneider - PP : Kaedan Korczak - PK : Joey Keane, Kyle Burroughs
Penalty Shots
Oliver Wahlstrom, Mark Kastelic, Martin Kaut, Reese Johnson, Simon Holmstrom
% Time on Ice - Erie Otters
Lines # - Real PCT - Wanted PCT - Time Play
Normal Forward
1 - 27% - 30% - 11:14
2 - 32% - 30% - 13:27
3 - 22% - 25% - 9:00
4 - 19% - 15% - 7:58
Normal Defense
1 - 24% - 30% - 10:04
2 - 50% - 30% - 21:00
3 - 18% - 25% - 7:28
4 - 7% - 15% - 3:07
PP Forward
1 - 47% - 50% - 3:55
2 - 53% - 50% - 4:27
PP Defense
1 - 46% - 50% - 3:50
2 - 54% - 50% - 4:32
PK Forward
1 - 49% - 50% - 4:09
2 - 51% - 50% - 4:17
PK Defense
1 - 51% - 50% - 4:16
2 - 49% - 50% - 4:10
PK3 Forward
1 - 58% - 50% - 1:07
2 - 42% - 50% - 0:48
PK3 Defense
1 - 55% - 50% - 1:03
2 - 45% - 50% - 0:52
44 Forward
1 - 46% - 50% - 1:00
2 - 54% - 50% - 1:11
44 Defense
1 - 45% - 50% - 0:59
2 - 55% - 50% - 1:12
Last Minute Offensive - 0:00
Last Minute Defensive - 0:00
Total
Forward - 62:33
Defense - 62:33
|
% Time on Ice - Laval Squanderers
Lines # - Real PCT - Wanted PCT - Time Play
Normal Forward
1 - 28% - 30% - 11:50
2 - 31% - 30% - 13:02
3 - 22% - 25% - 9:01
4 - 19% - 15% - 7:46
Normal Defense
1 - 34% - 35% - 14:13
2 - 33% - 35% - 13:51
3 - 33% - 30% - 13:35
4 - 0% - 0% - 0:00
PP Forward
1 - 48% - 50% - 4:05
2 - 52% - 50% - 4:21
PP Defense
1 - 55% - 50% - 4:40
2 - 45% - 50% - 3:46
PK Forward
1 - 53% - 50% - 4:26
2 - 47% - 50% - 3:56
PK Defense
1 - 53% - 50% - 4:25
2 - 47% - 50% - 3:57
PK3 Forward
1 - 0% - 50%
2 - 0% - 50%
PK3 Defense
1 - 0% - 50%
2 - 0% - 50%
44 Forward
1 - 51% - 50% - 2:05
2 - 49% - 50% - 2:01
44 Defense
1 - 52% - 50% - 2:07
2 - 48% - 50% - 1:59
Last Minute Offensive - 0:00
Last Minute Defensive - 0:00
Total
Forward - 62:33
Defense - 62:33
|
Play-by-Play
1st period
0:01 of 1st period - Mark Kastelic wins face-off versus Alex Newhook in neutral zone.
0:10 of 1st period - Wrist shot by Mark Kastelic.
0:10 of 1st period - Shot Hit the Post.
0:12 of 1st period - Slapshot by Braden Schneider.
0:12 of 1st period - Shot Blocked by Alex Biega.
0:14 of 1st period - Slapshot by Mark Kastelic.
0:14 of 1st period - Shot Blocked by Mitchell Chaffee.
0:16 of 1st period - Slapshot by Kyle Burroughs.
0:16 of 1st period - Deflect By Oliver Wahlstrom.
0:16 of 1st period - Shot Misses the Net.
0:16 of 1st period - Puck is out of play.
0:17 of 1st period - Andy Andreoff wins face-off versus Lias Andersson in Erie Otters zone.
0:17 of 1st period - Andy Andreoff is hit by Lias Andersson.
0:36 of 1st period - Penalty Shot by Mackenzie MacEachern for Laval Squanderers.
0:36 of 1st period - Wrist shot by Mackenzie MacEachern.
0:36 of 1st period - Goal by Mackenzie MacEachern - Erie Otters : 0 - Laval Squanderers : 1.
0:37 of 1st period - Aaron Luchuk wins face-off versus Graeme Clarke in neutral zone.
0:38 of 1st period - Graeme Clarke wins face-off versus Aaron Luchuk in Laval Squanderers zone.
0:38 of 1st period - Graeme Clarke is hit by Kevin Davis.
0:42 of 1st period - Minor Penalty to Joey Keane for Tripping.
0:43 of 1st period - Oliver Wahlstrom wins face-off versus Alex Newhook in Laval Squanderers zone.
1:09 of 1st period - Alex Petrovic is hit by Oliver Wahlstrom and loses puck.
2:42 of 1st period - Penalty to Joey Keane is over, Joey Keane is back on ice.
2:48 of 1st period - Snap shot by Sampo Ranta.
2:48 of 1st period - Shot Blocked by Alex Green.
2:50 of 1st period - Snap shot by Aaron Luchuk.
2:50 of 1st period - Stopped by Mads Sogaard without a rebound.
2:51 of 1st period - Danila Klimovich wins face-off versus Ty Ronning in Laval Squanderers zone.
2:51 of 1st period - Danila Klimovich is hit by Adam Brubacher.
3:37 of 1st period - Wrist shot by Andy Andreoff.
3:37 of 1st period - Stopped by Mads Sogaard with a rebound.
3:39 of 1st period - Slapshot by Andy Andreoff.
3:39 of 1st period - Stopped by Mads Sogaard without a rebound.
3:40 of 1st period - Andy Andreoff wins face-off versus Mark Kastelic in Laval Squanderers zone.
3:43 of 1st period - Snap shot by Andy Andreoff.
3:43 of 1st period - Shot Blocked by Braden Schneider.
4:05 of 1st period - Martin Kaut is hit by Alex Newhook and loses puck.
5:24 of 1st period - Slapshot by Alex Biega.
5:24 of 1st period - Stopped by Mads Sogaard without a rebound.
5:25 of 1st period - Lias Andersson wins face-off versus Alex Newhook in Laval Squanderers zone.
5:50 of 1st period - Justin Barron is hit by Paul Cotter and loses puck.
5:57 of 1st period - Wrist shot by Michael Eyssimont.
5:57 of 1st period - Goal by Michael Eyssimont - Erie Otters : 1 - Laval Squanderers : 1.
5:58 of 1st period - Mark Kastelic wins face-off versus Andy Andreoff in neutral zone.
6:09 of 1st period - Snap shot by Mark Kastelic.
6:09 of 1st period - Stopped by Keith Kinkaid with a rebound.
6:11 of 1st period - Slapshot by Kyle Burroughs.
6:11 of 1st period - Stopped by Keith Kinkaid without a rebound.
6:12 of 1st period - Alex Newhook wins face-off versus Graeme Clarke in Erie Otters zone.
6:20 of 1st period - Justin Barron and Alex Petrovic fight to a draw.
6:20 of 1st period - Penalty to Justin Barron for Fighting.
6:20 of 1st period - Penalty to Alex Petrovic for Fighting.
6:21 of 1st period - Andy Andreoff wins face-off versus Mark Kastelic in Laval Squanderers zone.
6:22 of 1st period - Snap shot by Paul Cotter.
6:22 of 1st period - Shot Misses the Net.
6:36 of 1st period - Snap shot by Oliver Wahlstrom.
6:36 of 1st period - Stopped by Keith Kinkaid with a rebound.
7:13 of 1st period - Lukas Reichel is hit by Alec McCrea and loses puck.
7:34 of 1st period - Kaedan Korczak is hit by Abbott Girduckis and loses puck.
7:39 of 1st period - Snap shot by Alex-Olivier Voyer.
7:39 of 1st period - Stopped by Mads Sogaard with a rebound.
7:47 of 1st period - Graeme Clarke is hit by Michael Eyssimont and loses puck.
7:59 of 1st period - Slapshot by Andy Andreoff.
7:59 of 1st period - Stopped by Mads Sogaard without a rebound.
8:00 of 1st period - Aaron Luchuk wins face-off versus Mark Kastelic in Laval Squanderers zone.
8:21 of 1st period - Minor Penalty to Alex Biega for Hooking.
8:22 of 1st period - Mark Kastelic wins face-off versus Alex Newhook in Erie Otters zone.
9:02 of 1st period - Trent Frederic is hit by Kyle Burroughs and loses puck.
9:13 of 1st period - Kyle Burroughs is hit by Andy Andreoff and loses puck.
10:21 of 1st period - Penalty to Alex Biega is over, Alex Biega is back on ice.
10:25 of 1st period - Off-side.
10:26 of 1st period - Graeme Clarke wins face-off versus Aaron Luchuk in neutral zone.
10:43 of 1st period - Reese Johnson is hit by Alex Biega.
11:17 of 1st period - Alex Green is hit by Paul Cotter and loses puck.
11:37 of 1st period - Mark Kastelic is hit by Abbott Girduckis and loses puck.
11:52 of 1st period - Slapshot by Alex Biega.
11:52 of 1st period - Stopped by Mads Sogaard with a rebound.
12:14 of 1st period - Snap shot by Trent Frederic.
12:14 of 1st period - Shot Misses the Net.
13:16 of 1st period - Justin Barron is hit by Alex Gallant and loses puck.
13:23 of 1st period - Slapshot by Alex Green.
13:23 of 1st period - Shot Misses the Net.
14:11 of 1st period - Braden Schneider is hit by Michael Eyssimont and loses puck.
15:07 of 1st period - Slapshot by Alex Petrovic.
15:07 of 1st period - Stopped by Mads Sogaard with a rebound.
15:11 of 1st period - Snap shot by Sampo Ranta.
15:11 of 1st period - Stopped by Mads Sogaard with a rebound.
15:25 of 1st period - Minor Penalty to Graeme Clarke for Tripping.
15:26 of 1st period - Andy Andreoff wins face-off versus Martin Kaut in Laval Squanderers zone.
16:34 of 1st period - Braden Schneider is hit by Mitchell Chaffee and loses puck.
17:25 of 1st period - Penalty to Graeme Clarke is over, Graeme Clarke is back on ice.
17:36 of 1st period - Alex Biega is hit by Mark Kastelic and loses puck.
17:41 of 1st period - Snap shot by Mark Kastelic.
17:41 of 1st period - Shot Misses the Net.
17:43 of 1st period - Slapshot by Kaedan Korczak.
17:43 of 1st period - Shot Misses the Net.
17:45 of 1st period - Snap shot by Oliver Wahlstrom.
17:45 of 1st period - Stopped by Keith Kinkaid with a rebound.
17:47 of 1st period - Snap shot by Oliver Wahlstrom.
17:47 of 1st period - Stopped by Keith Kinkaid with a rebound.
17:49 of 1st period - Wrist shot by Mark Kastelic.
17:49 of 1st period - Shot Blocked by Alex Biega.
17:55 of 1st period - Wrist shot by Oliver Wahlstrom.
17:55 of 1st period - Shot Misses the Net.
17:57 of 1st period - Wrist shot by Oliver Wahlstrom.
17:57 of 1st period - Stopped by Keith Kinkaid without a rebound.
17:58 of 1st period - Danila Klimovich wins face-off versus Abbott Girduckis in Erie Otters zone.
17:59 of 1st period - Snap shot by Lukas Reichel.
17:59 of 1st period - Shot Misses the Net.
18:01 of 1st period - Slapshot by Braden Schneider.
18:01 of 1st period - Shot Blocked by Adam Brubacher.
18:03 of 1st period - Wrist shot by Danila Klimovich.
18:03 of 1st period - Shot Misses the Net.
18:05 of 1st period - Snap shot by Lukas Reichel.
18:05 of 1st period - Goal by Lukas Reichel - Erie Otters : 1 - Laval Squanderers : 2.
18:06 of 1st period - Lias Andersson wins face-off versus Andy Andreoff in neutral zone.
18:41 of 1st period - Snap shot by Sampo Ranta.
18:41 of 1st period - Stopped by Mads Sogaard without a rebound.
18:42 of 1st period - Alex Newhook wins face-off versus Graeme Clarke in Laval Squanderers zone.
18:43 of 1st period - Slapshot by Mitchell Chaffee.
18:43 of 1st period - Stopped by Mads Sogaard with a rebound.
19:07 of 1st period - Simon Holmstrom is hit by Alex Petrovic and loses puck.
19:53 of 1st period - Slapshot by Alex Biega.
19:53 of 1st period - Deflect By Alex-Olivier Voyer.
19:53 of 1st period - Shot Blocked by Martin Kaut.
19:53 of 1st period - Puck is out of play.
19:54 of 1st period - Mike Hardman wins face-off versus Alex Newhook in Laval Squanderers zone.
Goals for this period are 1 for Erie Otters vs 2 for Laval Squanderers.
Shots for this period are 12 for Erie Otters vs 7 for Laval Squanderers.
2nd period
0:01 of 2nd period - Lias Andersson wins face-off versus Andy Andreoff in neutral zone.
0:06 of 2nd period - Snap shot by Martin Kaut.
0:06 of 2nd period - Stopped by Keith Kinkaid with a rebound.
0:14 of 2nd period - Wrist shot by Martin Kaut.
0:14 of 2nd period - Shot Misses the Net.
0:30 of 2nd period - Wrist shot by Trent Frederic.
0:30 of 2nd period - Deflect By Mitchell Chaffee.
0:30 of 2nd period - Shot Blocked by Reese Johnson.
0:30 of 2nd period - Puck is out of play.
0:31 of 2nd period - Alex Newhook wins face-off versus Graeme Clarke in Laval Squanderers zone.
0:32 of 2nd period - Wrist shot by Trent Frederic.
0:32 of 2nd period - Shot Misses the Net.
0:34 of 2nd period - Wrist shot by Mitchell Chaffee.
0:34 of 2nd period - Stopped by Mads Sogaard without a rebound.
0:35 of 2nd period - Mackenzie MacEachern wins face-off versus Alex Newhook in Laval Squanderers zone.
0:48 of 2nd period - Wrist shot by Mackenzie MacEachern.
0:48 of 2nd period - Stopped by Keith Kinkaid with a rebound.
0:50 of 2nd period - Backhand shot by Mackenzie MacEachern.
0:50 of 2nd period - Stopped by Keith Kinkaid with a rebound.
1:09 of 2nd period - Off-side.
1:10 of 2nd period - Lias Andersson wins face-off versus Aaron Luchuk in neutral zone.
1:25 of 2nd period - Snap shot by Martin Kaut.
1:25 of 2nd period - Shot Misses the Net.
1:40 of 2nd period - Snap shot by Graeme Clarke.
1:40 of 2nd period - Shot Misses the Net.
1:42 of 2nd period - Snap shot by Mike Hardman.
1:42 of 2nd period - Shot Misses the Net.
1:44 of 2nd period - Slapshot by Justin Barron.
1:44 of 2nd period - Stopped by Keith Kinkaid with a rebound.
1:55 of 2nd period - Minor Penalty to Michael Eyssimont for Holding.
1:56 of 2nd period - Andy Andreoff wins face-off versus Lias Andersson in Erie Otters zone.
2:21 of 2nd period - Minor Penalty to Kaedan Korczak for Interference.
2:22 of 2nd period - Alex Newhook wins face-off versus Oliver Wahlstrom in Laval Squanderers zone.
2:25 of 2nd period - Slapshot by Trent Frederic.
2:25 of 2nd period - Stopped by Mads Sogaard with a rebound.
2:33 of 2nd period - Slapshot by Mark Kastelic.
2:33 of 2nd period - Stopped by Keith Kinkaid without a rebound.
2:34 of 2nd period - Martin Kaut wins face-off versus Andy Andreoff in Erie Otters zone.
2:59 of 2nd period - Trent Frederic is hit by Alex Green and loses puck.
3:55 of 2nd period - Penalty to Michael Eyssimont is over, Michael Eyssimont is back on ice.
4:21 of 2nd period - Penalty to Kaedan Korczak is over, Kaedan Korczak is back on ice.
4:27 of 2nd period - Icing by Kaedan Korczak.
4:28 of 2nd period - Abbott Girduckis wins face-off versus Danila Klimovich in Laval Squanderers zone.
4:29 of 2nd period - Snap shot by Aaron Ness.
4:29 of 2nd period - Stopped by Mads Sogaard with a rebound.
4:35 of 2nd period - Snap shot by Brayden Tracey.
4:35 of 2nd period - Shot Hit the Post.
4:37 of 2nd period - Slapshot by Justin Barron.
4:37 of 2nd period - Stopped by Keith Kinkaid without a rebound.
4:38 of 2nd period - Graeme Clarke wins face-off versus Alex Newhook in Erie Otters zone.
4:52 of 2nd period - Kaedan Korczak beats up Alec McCrea.
4:52 of 2nd period - Penalty to Kaedan Korczak for Fighting.
4:52 of 2nd period - Penalty to Alec McCrea for Fighting.
4:52 of 2nd period - Penalty to Alec McCrea for instigated a fight.
4:52 of 2nd period - Penalty to Alec McCrea for instigated and being the aggresor in a fight.
4:52 of 2nd period - Alec McCrea is ejected from game.
4:53 of 2nd period - Mark Kastelic wins face-off versus Mitchell Chaffee in Erie Otters zone.
6:08 of 2nd period - Alex Petrovic is hit by Oliver Wahlstrom and loses puck.
6:29 of 2nd period - Andy Andreoff is hit by Martin Kaut and loses puck.
6:52 of 2nd period - Penalty to Alec McCrea is over, Sampo Ranta is send on ice.
6:56 of 2nd period - Alex Biega is hit by Reese Johnson.
7:00 of 2nd period - Braden Schneider is hit by Michael Eyssimont and loses puck.
8:16 of 2nd period - Alex Green is hit by Paul Cotter and loses puck.
8:31 of 2nd period - Alex Newhook is hit by Mike Hardman and loses puck.
8:48 of 2nd period - Lukas Reichel is hit by Mitchell Chaffee and loses puck.
9:49 of 2nd period - Alex Biega is hit by Oliver Wahlstrom and loses puck.
10:06 of 2nd period - Alex Biega is hit by Lias Andersson.
10:07 of 2nd period - Icing by Alex Biega.
10:08 of 2nd period - Andy Andreoff wins face-off versus Graeme Clarke in Erie Otters zone.
10:21 of 2nd period - Alex-Olivier Voyer is hit by Kaedan Korczak.
10:49 of 2nd period - Minor Penalty to Alex Biega for Slashing.
10:50 of 2nd period - Andy Andreoff wins face-off versus Mark Kastelic in Erie Otters zone.
11:03 of 2nd period - Mark Kastelic is hit by Trent Frederic and loses puck.
12:49 of 2nd period - Penalty to Alex Biega is over, Alex Biega is back on ice.
13:03 of 2nd period - Alex-Olivier Voyer is hit by Alex Green and loses puck.
13:20 of 2nd period - Aaron Luchuk is hit by Brayden Tracey and loses puck.
15:31 of 2nd period - Andy Andreoff is hit by Lukas Reichel and loses puck.
15:50 of 2nd period - Reese Johnson is hit by Alex Gallant and loses puck.
16:40 of 2nd period - Paul Cotter is hit by Danila Klimovich and loses puck.
17:16 of 2nd period - Kevin Davis is hit by Mark Kastelic and loses puck.
17:40 of 2nd period - Sampo Ranta is hit by Danila Klimovich and loses puck.
18:41 of 2nd period - Simon Holmstrom is hit by Alex Gallant and loses puck.
19:52 of 2nd period - 10 Minutes Misconduct Penalty to Alec McCrea is over.
Goals for this period are 0 for Erie Otters vs 0 for Laval Squanderers.
Shots for this period are 3 for Erie Otters vs 6 for Laval Squanderers.
3rd period
0:01 of 3rd period - Alex Newhook wins face-off versus Lias Andersson in neutral zone.
0:06 of 3rd period - Slapshot by Martin Kaut.
0:06 of 3rd period - Deflect By Mackenzie MacEachern.
0:06 of 3rd period - Shot Misses the Net.
0:06 of 3rd period - Puck is out of play.
0:07 of 3rd period - Lias Andersson wins face-off versus Trent Frederic in Erie Otters zone.
0:17 of 3rd period - Snap shot by Martin Kaut.
0:17 of 3rd period - Stopped by Keith Kinkaid without a rebound.
0:18 of 3rd period - Alex Newhook wins face-off versus Lias Andersson in Erie Otters zone.
0:22 of 3rd period - Mackenzie MacEachern and Alex Petrovic fight to a draw.
0:22 of 3rd period - Penalty to Mackenzie MacEachern for Fighting.
0:22 of 3rd period - Penalty to Alex Petrovic for Fighting.
0:22 of 3rd period - Penalty to Mackenzie MacEachern for instigated a fight.
0:22 of 3rd period - Penalty to Mackenzie MacEachern for instigated a fight.
0:23 of 3rd period - Oliver Wahlstrom wins face-off versus Alex Newhook in Laval Squanderers zone.
0:28 of 3rd period - Slapshot by Joey Keane.
0:28 of 3rd period - Stopped by Keith Kinkaid with a rebound.
0:58 of 3rd period - Wrist shot by Paul Cotter.
0:58 of 3rd period - Stopped by Mads Sogaard with a rebound.
1:23 of 3rd period - Icing by Michael Eyssimont.
1:24 of 3rd period - Alex Newhook wins face-off versus Martin Kaut in Erie Otters zone.
1:29 of 3rd period - Martin Kaut is hit by Trent Frederic and loses puck.
2:00 of 3rd period - Alex Green is hit by Kevin Davis and loses puck.
2:22 of 3rd period - Penalty to Mackenzie MacEachern is over, Lukas Reichel is send on ice.
2:53 of 3rd period - Aaron Ness is hit by Mike Hardman and loses puck.
4:02 of 3rd period - Graeme Clarke is hit by Sampo Ranta and loses puck.
4:13 of 3rd period - Alex Green is hit by Adam Brubacher and loses puck.
4:46 of 3rd period - Wrist shot by Lukas Reichel.
4:46 of 3rd period - Stopped by Keith Kinkaid without a rebound.
4:47 of 3rd period - Lias Andersson wins face-off versus Aaron Luchuk in Erie Otters zone.
4:48 of 3rd period - Snap shot by Mike Hardman.
4:48 of 3rd period - Shot Misses the Net.
4:56 of 3rd period - Lias Andersson is hit by Ty Ronning and loses puck.
5:29 of 3rd period - Slapshot by Martin Kaut.
5:29 of 3rd period - Shot Misses the Net.
5:54 of 3rd period - Wrist shot by Alex Gallant.
5:54 of 3rd period - Shot Misses the Net.
5:56 of 3rd period - Slapshot by Abbott Girduckis.
5:56 of 3rd period - Deflect By Alex-Olivier Voyer.
5:56 of 3rd period - Stopped by Mads Sogaard with a rebound.
6:55 of 3rd period - Alex Green is hit by Alex-Olivier Voyer and loses puck.
7:42 of 3rd period - Alex Gallant is hit by Brayden Tracey and loses puck.
8:42 of 3rd period - Slapshot by Andy Andreoff.
8:42 of 3rd period - Deflect By Mike Hardman.
8:42 of 3rd period - Stopped by Mads Sogaard with a rebound.
8:52 of 3rd period - Sampo Ranta is hit by Lias Andersson and loses puck.
9:33 of 3rd period - Andy Andreoff is hit by Graeme Clarke and loses puck.
9:52 of 3rd period - Lukas Reichel is hit by Trent Frederic and loses puck.
10:14 of 3rd period - Adam Brubacher is hit by Mike Hardman and loses puck.
10:29 of 3rd period - Mitchell Chaffee is hit by Simon Holmstrom and loses puck.
10:49 of 3rd period - Icing by Trent Frederic.
10:50 of 3rd period - Aaron Luchuk wins face-off versus Graeme Clarke in Erie Otters zone.
10:50 of 3rd period - Aaron Luchuk is hit by Mike Hardman.
10:51 of 3rd period - Aaron Luchuk from Erie Otters is injured at 10:51 of 3rd period (Sprained Left Ankle).
10:52 of 3rd period - Michael Eyssimont wins face-off versus Lias Andersson in Erie Otters zone.
10:59 of 3rd period - Wrist shot by Michael Eyssimont.
10:59 of 3rd period - Goal by Michael Eyssimont - Erie Otters : 2 - Laval Squanderers : 2.
11:00 of 3rd period - Lias Andersson wins face-off versus Paul Cotter in neutral zone.
11:00 of 3rd period - Kyle Burroughs beats up Paul Cotter.
11:00 of 3rd period - Penalty to Kyle Burroughs for Fighting.
11:00 of 3rd period - Penalty to Paul Cotter for Fighting.
11:01 of 3rd period - Lias Andersson wins face-off versus Andy Andreoff in neutral zone.
11:29 of 3rd period - Minor Penalty to Mark Kastelic for Slashing.
11:30 of 3rd period - Alex Newhook wins face-off versus Martin Kaut in Laval Squanderers zone.
11:43 of 3rd period - Snap shot by Trent Frederic.
11:43 of 3rd period - Shot Misses the Net.
11:45 of 3rd period - Wrist shot by Alex Newhook.
11:45 of 3rd period - Shot Misses the Net.
13:29 of 3rd period - Penalty to Mark Kastelic is over, Mark Kastelic is back on ice.
13:37 of 3rd period - Minor Penalty to Alex Biega for Holding.
13:38 of 3rd period - Andy Andreoff wins face-off versus Lias Andersson in Erie Otters zone.
13:38 of 3rd period - Andy Andreoff is hit by Lias Andersson.
15:10 of 3rd period - Joey Keane is hit by Trent Frederic and loses puck.
15:22 of 3rd period - 10 Minutes Misconduct Penalty to Mackenzie MacEachern is over.
15:37 of 3rd period - Penalty to Alex Biega is over, Alex Biega is back on ice.
15:44 of 3rd period - Graeme Clarke is hit by Ty Ronning.
17:43 of 3rd period - Joey Keane is hit by Alex Gallant and loses puck.
18:02 of 3rd period - Abbott Girduckis is hit by Mark Kastelic.
18:49 of 3rd period - Icing by Joey Keane.
18:50 of 3rd period - Mackenzie MacEachern wins face-off versus Andy Andreoff in Laval Squanderers zone.
19:55 of 3rd period - Minor Penalty to Paul Cotter for Interference.
19:56 of 3rd period - Andy Andreoff wins face-off versus Mackenzie MacEachern in Erie Otters zone.
Goals for this period are 1 for Erie Otters vs 0 for Laval Squanderers.
Shots for this period are 4 for Erie Otters vs 3 for Laval Squanderers.
Overtime #1
0:01 of 1st overtime period - Alex Newhook wins face-off versus Martin Kaut in neutral zone.
0:04 of 1st overtime period - Slapshot by Alex Biega.
0:04 of 1st overtime period - Shot Misses the Net.
0:13 of 1st overtime period - Off-side.
0:14 of 1st overtime period - Oliver Wahlstrom wins face-off versus Trent Frederic in neutral zone.
0:46 of 1st overtime period - Snap shot by Martin Kaut.
0:46 of 1st overtime period - Shot Misses the Net.
1:22 of 1st overtime period - Martin Kaut is hit by Alex Biega and loses puck.
1:55 of 1st overtime period - Penalty to Paul Cotter is over, Paul Cotter is back on ice.
1:57 of 1st overtime period - Slapshot by Aaron Ness.
1:57 of 1st overtime period - Shot Misses the Net.
1:59 of 1st overtime period - Snap shot by Trent Frederic.
1:59 of 1st overtime period - Shot Blocked by Mike Hardman.
2:01 of 1st overtime period - Slapshot by Aaron Ness.
2:01 of 1st overtime period - Shot Blocked by Mike Hardman.
2:03 of 1st overtime period - Slapshot by Aaron Ness.
2:03 of 1st overtime period - Shot Blocked by Braden Schneider.
2:05 of 1st overtime period - Slapshot by Aaron Ness.
2:05 of 1st overtime period - Shot Blocked by Brayden Tracey.
2:07 of 1st overtime period - Wrist shot by Paul Cotter.
2:07 of 1st overtime period - Deflect By Trent Frederic.
2:07 of 1st overtime period - Shot Blocked by Braden Schneider.
2:07 of 1st overtime period - Puck is out of play.
2:08 of 1st overtime period - Andy Andreoff wins face-off versus Martin Kaut in Laval Squanderers zone.
2:13 of 1st overtime period - Snap shot by Mitchell Chaffee.
2:13 of 1st overtime period - Stopped by Mads Sogaard without a rebound.
2:14 of 1st overtime period - Andy Andreoff wins face-off versus Martin Kaut in Laval Squanderers zone.
2:15 of 1st overtime period - Backhand shot by Mitchell Chaffee.
2:15 of 1st overtime period - Stopped by Mads Sogaard with a rebound.
2:17 of 1st overtime period - Snap shot by Andy Andreoff.
2:17 of 1st overtime period - Shot Misses the Net.
2:19 of 1st overtime period - Snap shot by Andy Andreoff.
2:19 of 1st overtime period - Shot Misses the Net.
2:21 of 1st overtime period - Slapshot by Kevin Davis.
2:21 of 1st overtime period - Shot Misses the Net.
2:23 of 1st overtime period - Slapshot by Kevin Davis.
2:23 of 1st overtime period - Stopped by Mads Sogaard without a rebound.
2:24 of 1st overtime period - Oliver Wahlstrom wins face-off versus Alex Newhook in Laval Squanderers zone.
2:33 of 1st overtime period - Snap shot by Oliver Wahlstrom.
2:33 of 1st overtime period - Goal by Oliver Wahlstrom - Erie Otters : 2 - Laval Squanderers : 3.
Goals for this period are 0 for Erie Otters vs 1 for Laval Squanderers.
Shots for this period are 3 for Erie Otters vs 1 for Laval Squanderers.
Back to the Top